[Event "Late-Titled-Tuesday-Blitz-June-25-2024"]
[Site "Chess.com"]
[Date "2024.06.25"]
[Round "1"]
[White "th3d4rkness"]
[Black "theoneandonlydaaevik"]
[Result "0-1"]
[WhiteElo "2250"]
[BlackElo "2599"]
[TimeControl "180+1"]
[EndTime "14:05:38 PDT"]
[Termination "theoneandonlydaaevik won by resignation"]

1. e4 c6 2. d4 d5 3. e5 Bf5 4. h4 h5 5. Bg5 Qb6 6. Bd3 Qxd4 7. Bxf5 Qxe5+ 8. Qe2 Qxf5 9. Nf3 Nd7 10. O-O O-O-O 11. c4 Ngf6 12. cxd5 Nxd5 13. Nc3 Nxc3 14. bxc3 f6 15. Be3 Qa5 16. c4 e5 17. Bd2 Qc7 18. a4 Nc5 19. a5 e4 20. Nh2 Bd6 21. g3 Be5 22. Rab1 Rd3 23. Be3 Bxg3 24. Bxc5 Bxh2+ 25. Kh1 Be5 26. Qxe4 Qd7 27. Be3 Qh3+ 0-1

[Event "Late-Titled-Tuesday-Blitz-June-25-2024"]
[Site "Chess.com"]
[Date "2024.06.25"]
[Round "1"]
[White "FairChess_on_YouTube"]
[Black "kinga2008"]
[Result "1-0"]
[WhiteElo "3088"]
[BlackElo "2521"]
[TimeControl "180+1"]
[EndTime "14:05:49 PDT"]
[Termination "FairChess_on_YouTube won by checkmate"]

1. d4 Nf6 2. Nf3 e6 3. c4 b6 4.
g3 Bb7 5. Bg2 Bb4+ 6. Bd2 Bxd2+ 7. Qxd2 O-O 8. Nc3 d5 9. cxd5 exd5 10. O-O Nbd7 11. Ne5 Nxe5 12. dxe5 Ne4 13. Bxe4 dxe4 14.
Qf4 Qd4 15. Rad1 Qb4 16. Rd7 Rac8 17. e6 fxe6 18. Qg4 Rf7 19. Qxe6 Qf8 20. Rfd1 Re8 21.
Qb3 Re7 22. Rd8 Re8 23. R8d7 Re7 24. Nb5 e3 25. f3 Bxf3 26. Rd8 Re8 27. Rxe8 Qxe8 28.
exf3 Kf8 29. Re1 Rxf3 30. Nd4 Rf6 31. Rxe3 Qd7 32. Ne6+ Kg8 33. Nc5+ Qf7 34. Re8# 1-0

[Event "Late-Titled-Tuesday-Blitz-June-25-2024"]
[Site "Chess.com"]
[Date "2024.06.25"]
[Round "1"]
[White "Meri-Arabidze"]
[Black "Nick12772"]
[Result "1-0"]
[WhiteElo "2693"]
[BlackElo "2397"]
[TimeControl "180+1"]
[EndTime "14:05:54 PDT"]
[Termination "Meri-Arabidze won by resignation"]

1. c4 Nf6 2. Nc3 d5 3. cxd5 Nxd5 4. e4 Nxc3 5. dxc3 Qxd1+ 6. Kxd1 g6 7. Kc2 Bg7 8. Bf4 c6 9. h4 h5 10. f3 O-O 11. Nh3 Bxh3 12. Rxh3 Nd7 13. Bc4 b5 14. Be2 Ne5 15. Rhh1 a5 16. g4 hxg4 17. fxg4 b4 18. h5 bxc3 19. h6 Bf6 20. g5 cxb2 21. Rab1 Kh7 22.
gxf6 exf6 23. Rxb2 Rab8 24. Rhb1 Rxb2+ 25. Rxb2 g5 26. Bxe5 fxe5 27. Bg4 Rd8 28. Rb6 Rd6 29. Ra6 Kxh6 30.
Rxa5 Rf6 31. Rxe5 Rf2+ 32. Kb3 Rf4 33. Bf5 g4 34. Re8 Kg7 35. Rd8 g3 36. Rd1 Rf3+ 37. Kb4 Rf2 38. a4 Rb2+ 39. Ka3 Rc2 40. Rg1 g2 41. a5 Kf6 42. a6 Rc5 43. Ka4 Rc2 44. Kb3 Rc5 45. Rxg2 Ra5 46. Ra2 1-0

[Event "Late-Titled-Tuesday-Blitz-June-25-2024"]
[Site "Chess.com"]
[Date "2024.06.25"]
[Round "1"]
[White "farzadbfd"]
[Black "pirulillo"]
[Result "1-0"]
[WhiteElo "2710"]
[BlackElo "2418"]
[TimeControl "180+1"]
[EndTime "14:05:55 PDT"]
[Termination "farzadbfd won by resignation"]

1. e4 c5 2. Nc3 e6 3. Nge2 Nc6 4. g3 Nge7 5. Bg2 Nd4 6. O-O Nec6 7. d3 Be7 8. Be3 a6 9. Qd2 O-O 10. Nc1 d5 11.
exd5 exd5 12. Nxd5 Bh3 13. Nxe7+ Qxe7 14. Nb3 Bxg2 15. Kxg2 Qd6 16. Bxd4 Qd5+ 17. f3 cxd4 18. Rae1 Rfe8 19. Re4 f5 20. Rxe8+ Rxe8 21. Qf2 Re3 22. c4 Qe6 23. Nc1 Nb4 24. Qd2 Nxa2 25. Rf2 Nb4 26.
Qxb4 Re1 27. Qd2 Qe3 28. Qxe3 dxe3 29. Rc2 b6 30. f4 Kf7 31. Kf3 Ke6 32. Ne2 g6 33.
Kxe3 Rh1 34. b4 Kd7 35. h4 h6 36. c5 Kc6 37. Nd4+ Kb7 38. c6+ Kc8 39. Ra2 g5 40.
hxg5 hxg5 41. fxg5 f4+ 42. gxf4 1-0

[Event "Late-Titled-Tuesday-Blitz-June-25-2024"]
[Site "Chess.com"]
[Date "2024.06.25"]
[Round "1"]
[White "FredddieCroderg"]
[Black "Aryan_Tamadon"]
[Result "0-1"]
[WhiteElo "2349"]
[BlackElo "2641"]
[TimeControl "180+1"]
[EndTime "14:05:55 PDT"]
[Termination "Aryan_Tamadon won on time"]

1. e4 d5 2. e5 d4 3. Nf3 Bg4 4. Bc4 e6 5. d3 Nc6 6. h3 Bh5 7. O-O Nxe5 8. g4 Nxg4 9. hxg4 Bxg4 10. Bf4 Qf6 11. Bxc7 Bxf3 12. Bb5+ Ke7 13. Qd2 Qg6+ 14. Bg3 Qh5 15. Qb4+ Kf6 16. Qxd4+ Kg6 17. Qh4 Qxb5 18. Nd2 Qh5 19. Nxf3 Qxf3 20. Rae1 Nf6 21. Re5 Qg4 22.
Qh1 Bd6 23. Re3 h5 24. Qg2 Bc5 25. Rf3 h4 26. Rf4 Qg5 0-1

[Event "Late-Titled-Tuesday-Blitz-June-25-2024"]
[Site "Chess.com"]
[Date "2024.06.25"]
[Round "1"]
[White "ahkashefi2800"]
[Black "JuliaEfremova"]
[Result "1-0"]
[WhiteElo "2623"]
[BlackElo "2319"]
[TimeControl "180+1"]
[EndTime "14:05:57 PDT"]
[Termination "ahkashefi2800 won by resignation"]

1. d4 Nf6 2. Nf3 e6 3. g3 Be7 4. Bg2 O-O 5. O-O d5 6. b3 c5 7.
Bb2 Nc6 8. e3 b6 9. Nbd2 Bb7 10.
Re1 Rc8 11. a3 a5 12. h3 a4 13. bxa4 Na5 14. dxc5 bxc5 15. Rb1 Bc6 16. c4 Nxc4 17. Nxc4 dxc4 18. Qc2 Qa5 19. Qxc4 Bxa4 20. Bc3 Qa7 21. Ne5 Rfd8 22. Rb7 Qxb7 23. Bxb7 Be8 24. Bxc8 Rxc8 25. Ra1 Nd5 26. a4 Nb6 27. Qa6 Bd8 28. a5 Ra8 29.
Qb7 1-0

[Event "Late-Titled-Tuesday-Blitz-June-25-2024"]
[Site "Chess.com"]
[Date "2024.06.25"]
[Round "1"]
[White "smallbaba"]
[Black "HanSchut"]
[Result "1-0"]
[WhiteElo "2592"]
[BlackElo "2230"]
[TimeControl "180+1"]
[EndTime "14:05:57 PDT"]
[Termination "smallbaba won by resignation"]

1. e4 c5 2. Nc3 Nc6 3. Bb5 Nd4 4. Nf3 g6 5. Bc4 Bg7 6. Nxd4 cxd4 7. Qf3 e6 8. Nb5 d6 9. Qa3 Bf8 10. Nxd4 d5 11.
Bb5+ Bd7 12. Qd3 dxe4 13. Qxe4 a6 14. Bxd7+ Qxd7 15. Qe5 f6 16. Qxe6+ Qxe6+ 17. Nxe6 Bd6 18. O-O Kf7 19. Nd4 Rd8 20. c3 Ne7 21. Nf3 Rhe8 22. d4 g5 23. Bd2 b5 24. Ne1 h5 25. Nd3 h4 26. f4 g4 27. Ne5+ fxe5 28. fxe5+ Kg7 29.
exd6 Rxd6 30. Rae1 Rf6 31. Rxf6 Kxf6 32. Re5 Rg8 33. Be1 Nf5 34. Rc5 h3 35. Rc6+ Kg5 36. Bd2+ Kh5 37. Rxa6 hxg2 38. Rf6 g3 39. Rxf5+ Kg4 40. Rf4+ Kh3 41. hxg3 Rxg3 1-0

[Event "Late-Titled-Tuesday-Blitz-June-25-2024"]
[Site "Chess.com"]
[Date "2024.06.25"]
[Round "1"]
[White "AldokhinIvan"]
[Black "Zapateado"]
[Result "1-0"]
[WhiteElo "2658"]
[BlackElo "2375"]
[TimeControl "180+1"]
[EndTime "14:05:59 PDT"]
[Termination "AldokhinIvan won by resignation"]

1. e4 c5 2. Nf3 g6 3. d4 cxd4 4. Nxd4 Nc6 5. Nc3 Bg7 6. Be3 Nf6 7. Bc4 O-O 8. Bb3 a5 9. f3 d5 10. exd5 Nb4 11. Nde2 Bf5 12. g4 a4 13. Nxa4 Nfxd5 14.
Bd4 e5 15. Bc5 Qh4+ 16. Bf2 Qh3 17. gxf5 Qxf3 18. Ng3 Ne3 19. Qxf3 1-0

[Event "Late-Titled-Tuesday-Blitz-June-25-2024"]
[Site "Chess.com"]
[Date "2024.06.25"]
[Round "1"]
[White "machupichu10"]
[Black "Charodej1"]
[Result "1-0"]
[WhiteElo "2831"]
[BlackElo "2470"]
[TimeControl "180+1"]
[EndTime "14:06:02 PDT"]
[Termination "machupichu10 won by resignation"]

1. d4 Nf6 2. Nf3 e6 3. e3 c5 4. Bd3 Nc6 5. O-O Be7 6. b3 b6 7.
Bb2 Bb7 8. a3 O-O 9. Nbd2 cxd4 10. exd4 d5 11. Qe2 Rc8 12. Ne5 Nxe5 13. dxe5 Nd7 14.
b4 a5 15. Qg4 Qc7 16. Nf3 d4 17. Bxd4 Bxf3 18. Qxf3 Nxe5 19. Bxh7+ Kxh7 20. Qh5+ Kg8 21. Bxe5 Qxc2 22. Qg4 Qh7 23. Rac1 axb4 24. axb4 f5 25. Qd4 Qg6 26. Qxb6 Bxb4 27. Qxb4 1-0

[Event "Late-Titled-Tuesday-Blitz-June-25-2024"]
[Site "Chess.com"]
[Date "2024.06.25"]
[Round "1"]
[White "Incognizance"]
[Black "guillembaches"]
[Result "0-1"]
[WhiteElo "1966"]
[BlackElo "2540"]
[TimeControl "180+1"]
[EndTime "14:06:05 PDT"]
[Termination "guillembaches won by resignation"]

1. d4 Nf6 2. c4 e6 3. Nf3 d5 4.
Bg5 Be7 5. e3 h6 6. Bh4 O-O 7.
Nc3 b6 8. Rc1 Bb7 9. cxd5 exd5 10. Bd3 Nbd7 11. O-O c5 12. dxc5 bxc5 13. Re1 Re8 14. Ne2 Qb6 15. Qc2 Bf8 16. Bg3 Ne4 17.
Bxe4 Rxe4 18. Nc3 Ree8 19. Rcd1 Qe6 20. Qd3 c4 21. Qd2 Bb4 22. Nd4 Qg6 23. Nde2 Nf6 24. Nf4 Qf5 25. Nfe2 Rad8 26. Nd4 Qg6 27. a3 Ne4 28.
Qc2 Bxc3 29. bxc3 f5 30. Rb1 Ba8 31. Nxf5 Qxf5 32. f3 Nxg3 33. Qxf5 Nxf5 34. Rb5 Nxe3 35. Kf2 Nc2 36. Rxe8+ Rxe8 37. Rxd5 0-1

[Event "Late-Titled-Tuesday-Blitz-June-25-2024"]
[Site "Chess.com"]
[Date "2024.06.25"]
[Round "1"]
[White "NikitaShnadrygin"]
[Black "patzer-reloaded"]
[Result "1-0"]
[WhiteElo "2730"]
[BlackElo "2432"]
[TimeControl "180+1"]
[EndTime "14:06:06 PDT"]
[Termination "NikitaShnadrygin won by resignation"]

1. e4 d6 2. d4 Nf6 3. Nc3 g6 4. f3 c6 5. Be3 Nbd7 6. Qd2 Qc7 7. O-O-O b5 8. g4 Nb6 9. g5 Nh5 10. Bd3 Bg7 11. Nce2 Rb8 12. Ng3 Be6 13. Nxh5 gxh5 14. b3 Nc4 15. bxc4 bxc4 16. Be2 c5 17. Qc3 O-O 18.
f4 Rb4 19. e5 Rfb8 20. Nf3 Rb2 21. dxc5 dxc5 22. Kd2 Bf5 23. Rc1 Qc6 24. Ke1 Be4 25.
Kf2 Rxa2 26. Rhd1 Rbb2 27. Rd8+ Bf8 28. Ne1 Qe6 29. Bxc5 Qh3 30. Qxh3 1-0

[Event "Late-Titled-Tuesday-Blitz-June-25-2024"]
[Site "Chess.com"]
[Date "2024.06.25"]
[Round "1"]
[White "Njal28"]
[Black "dolynachess"]
[Result "1-0"]
[WhiteElo "3101"]
[BlackElo "2523"]
[TimeControl "180+1"]
[EndTime "14:06:07 PDT"]
[Termination "Njal28 won by resignation"]

1. d4 Nf6 2. c4 c5 3. d5 b5 4.
cxb5 a6 5. e3 g6 6. Nc3 Bg7 7.
a4 O-O 8. e4 Bb7 9. Nf3 e6 10.
Be2 exd5 11. e5 Ng4 12. Nxd5 axb5 13. Bg5 Qa5+ 14. Kf1 Bxd5 15. Qxd5 Nc6 16. Qxd7 Ncxe5 17. Nxe5 Nxe5 18. Qxb5 Rfb8 19. Qxa5 Rxa5 20. Bd2 Ra7 21. Bc3 c4 22. h4 Nd3 23. Bxd3 cxd3 24. Bxg7 Kxg7 25. Rh3 d2 26. b3 Rab7 27. Ke2 Rd7 28. Rd3 Rxd3 29. Kxd3 Rxb3+ 30. Kxd2 Rb6 31. a5 Ra6 32.
Kc3 Kf6 33. Kb4 Ke6 34. Kb5 Ra8 35. a6 Kd6 36. a7 Kc7 37. Ka6 1-0

[Event "Late-Titled-Tuesday-Blitz-June-25-2024"]
[Site "Chess.com"]
[Date "2024.06.25"]
[Round "1"]
[White "NowInChess"]
[Black "Leebit02"]
[Result "0-1"]
[WhiteElo "2211"]
[BlackElo "2580"]
[TimeControl "180+1"]
[EndTime "14:06:07 PDT"]
[Termination "Leebit02 won on time"]

1. e4 c5 2. d3 Nc6 3. g3 g6 4.
Bg2 Bg7 5. f4 e6 6. Nf3 Nge7 7.
O-O O-O 8. c3 b5 9. Be3 d6 10.
d4 cxd4 11. cxd4 Bb7 12. Nbd2 Rc8 13. Qe2 Na5 14. b3 Qd7 15. Rac1 a6 16. h3 Nac6 17. g4 f5 18. gxf5 exf5 19. e5 Nb4 20. Nb1 Be4 21.
Nc3 Bd3 22. Qd2 Bxf1 23. Rxf1 Nbd5 24. Nxd5 Nxd5 25. Bf2 Ne7 26. Rd1 Rfd8 27. Ng5 dxe5 28. fxe5 Bxe5 29. Re1 Bf6 30. Ne6 Re8 31. d5 Bc3 32.
Qe2 Nxd5 0-1

[Event "Late-Titled-Tuesday-Blitz-June-25-2024"]
[Site "Chess.com"]
[Date "2024.06.25"]
[Round "1"]
[White "CM_rui"]
[Black "Boudicca64"]
[Result "1-0"]
[WhiteElo "2539"]
[BlackElo "1946"]
[TimeControl "180+1"]
[EndTime "14:06:07 PDT"]
[Termination "CM_rui won by checkmate"]

1. e4 g6 2. h4 h5 3. Nf3 Bg7 4. Bc4 d6 5. d4 Nf6 6. Ng5 O-O 7. Nc3 c6 8. Be3 b5 9. Bb3 b4 10.
Ne2 Ba6 11. f3 Nbd7 12. Nf4 c5 13. dxc5 dxc5 14. Nxg6 c4 15. Nxf8 Kxf8 16. Ba4 Nb6 17. Bc6 Qc7 18. Bxa8 c3 19. Bd5 cxb2 20. Rb1 e6 21.
Bxe6 Qc3+ 22. Bd2 Qe5 23. Bxb4+ Kg8 24. Qd8+ Bf8 25. Qxf8# 1-0

[Event "Late-Titled-Tuesday-Blitz-June-25-2024"]
[Site "Chess.com"]
[Date "2024.06.25"]
[Round "1"]
[White "DanylaBagrov"]
[Black "lluiss"]
[Result "1-0"]
[WhiteElo "2593"]
[BlackElo "2241"]
[TimeControl "180+1"]
[EndTime "14:06:08 PDT"]
[Termination "DanylaBagrov won by resignation"]

1. e4 c5 2. Nf3 d6 3. Bb5+ Bd7 4. Bxd7+ Nxd7 5. O-O Ngf6 6. Qe2 e6 7. c4 Be7 8. d4 cxd4 9. Nxd4 O-O 10. Nc3 a6 11. Be3 Rc8 12. Rac1 Qa5 13. a3 Ne5 14. Nb3 Qc7 15.
c5 dxc5 16. h3 c4 17. Nd2 b5 18. f4 Nd3 19. Rc2 Qb7 20. g4 Rfd8 21. g5 Ne8 22. e5 g6 23. Nde4 Ng7 24. Qf3 Nf5 25.
Nf6+ Bxf6 26. Qxb7 Nxe3 27. gxf6 Nxc2 28. Ne4 Rb8 29.
Qxa6 Nxb2 30. Nd6 b4 31. axb4 Nxb4 32. Qa7 Rf8 33. Nxf7 Nc6 34. Nh6+ 1-0

[Event "Late-Titled-Tuesday-Blitz-June-25-2024"]
[Site "Chess.com"]
[Date "2024.06.25"]
[Round "1"]
[White "prxcess_brownie"]
[Black "ATM622"]
[Result "0-1"]
[WhiteElo "2209"]
[BlackElo "2570"]
[TimeControl "180+1"]
[EndTime "14:06:08 PDT"]
[Termination "ATM622 won by checkmate"]

1. c4 e5 2. Nc3 Nc6 3. g3 Nf6 4. Bg2 Bc5 5. Nf3 O-O 6. O-O d6 7. d3 h6 8. h3 Re8 9. e4 Nd4 10. Kh2 a5 11. Rb1 c6 12. a3 b5 13. cxb5 Nxb5 14. Nxb5 cxb5 15. d4 exd4 16. Nxd4 Bb7 17. Nxb5 Bxe4 18. Bxe4 Nxe4 19. Kg2 Qb6 20. a4 Nxf2 21.
Qf3 Ne4 22. Qxf7+ Kh8 23. b3 Qc6 24. Kh2 Nf6 25. Rb2 Rf8 26. Qg6 Ng4+ 27. hxg4 Rxf1 28. Bf4 Qh1# 0-1

[Event "Late-Titled-Tuesday-Blitz-June-25-2024"]
[Site "Chess.com"]
[Date "2024.06.25"]
[Round "1"]
[White "VD_coach"]
[Black "Juliana_Figueira"]
[Result "1-0"]
[WhiteElo "2537"]
[BlackElo "1930"]
[TimeControl "180+1"]
[EndTime "14:06:08 PDT"]
[Termination "VD_coach won by resignation"]

1. Nf3 Nf6 2. d4 e6 3. c4 b6 4.
g3 Bb7 5. Bg2 Bb4+ 6. Bd2 Be7 7.
O-O O-O 8. b4 d5 9. c5 a5 10.
cxb6 cxb6 11. bxa5 bxa5 12. Nc3 Nbd7 13. Rb1 Rb8 14. Bf4 e5 15. Nxe5 Nxe5 16. Bxe5 Bd6 17.
Bxf6 Qxf6 18. Rxb7 Rxb7 19. Nxd5 Qd8 20. Nf6+ Qxf6 21.
Bxb7 Rb8 22. Bd5 Bb4 23. e3 Qd6 24. Qf3 Qd7 25. Rc1 Rd8 26. Bb3 a4 27. Bc4 Bf8 28.
Kg2 Rc8 29. Qxf7+ Qxf7 30. Bxf7+ Kxf7 31. Rxc8 Ke6 32. Rxf8 1-0

[Event "Late-Titled-Tuesday-Blitz-June-25-2024"]
[Site "Chess.com"]
[Date "2024.06.25"]
[Round "1"]
[White "Davidalhesa2007"]
[Black "ShimogaTactician"]
[Result "0-1"]
[WhiteElo "1909"]
[BlackElo "2535"]
[TimeControl "180+1"]
[EndTime "14:06:08 PDT"]
[Termination "ShimogaTactician won by resignation"]

1. d4 Nf6 2. Nc3 d5 3. Bf4 c6 4. e3 Qb6 5. Rb1 Bf5 6. Nf3 Nbd7 7. Bd3 e6 8. Ne5 Be7 9. g4 Nxe5 10. gxf5 Nxd3+ 11. Qxd3 a6 12. O-O exf5 13. Qxf5 O-O 14. Bg5 Qd8 15. Kh1 g6 16. Qf3 b5 17. Ne2 Ne4 18. Bxe7 Qxe7 19. Rbd1 Qb4 20. b3 a5 21. c3 Qa3 22. Ng3 Nxc3 23. Rc1 Qb4 24. Ne2 Ne4 25. Rg1 Qd6 26. Nf4 a4 27. b4 a3 28. Nh5 Kh8 29. Nf4 Ra4 30. Qh3 Nxf2+ 0-1

[Event "Late-Titled-Tuesday-Blitz-June-25-2024"]
[Site "Chess.com"]
[Date "2024.06.25"]
[Round "1"]
[White "hoshiboshi"]
[Black "vova-79"]
[Result "0-1"]
[WhiteElo "2252"]
[BlackElo "2603"]
[TimeControl "180+1"]
[EndTime "14:06:10 PDT"]
[Termination "vova-79 won on time"]

1. e4 e6 2. d4 d5 3. e5 c5 4. c3 Nc6 5. Nf3 Bd7 6. Be2 f6 7. O-O Qb6 8. dxc5 Bxc5 9. b4 Be7 10. Bf4 fxe5 11. Nxe5 Nxe5 12. Bxe5 Bf6 13. Qd4 Qxd4 14.
cxd4 Bxe5 15. dxe5 Rc8 16. Na3 Nh6 17. Rac1 Ke7 18.
g4 g5 19. Kg2 Nf7 20. Nb5 Bxb5 21. Bxb5 Nxe5 22. Kg3 Ng6 23. Rfe1 Kd6 24. Bd3 Nf4 25. Rxc8 Rxc8 26. Bb1 h6 27. f3 Rc4 28. a3 Rc3 29. h4 Rxa3 30. hxg5 hxg5 31. Rh1 Rb3 32. Bc2 Rb2 0-1

[Event "Late-Titled-Tuesday-Blitz-June-25-2024"]
[Site "Chess.com"]
[Date "2024.06.25"]
[Round "1"]
[White "Bryanl106"]
[Black "Kaustubh_Kodihalli"]
[Result "1-0"]
[WhiteElo "2754"]
[BlackElo "2445"]
[TimeControl "180+1"]
[EndTime "14:06:11 PDT"]
[Termination "Bryanl106 won on time"]

1. e4 c5 2. Nf3 Nc6 3. d4 cxd4 4.
Nxd4 Nf6 5. Nc3 e5 6. Ndb5 d6 7.
Bg5 a6 8. Na3 b5 9. Nd5 Be7 10.
Bxf6 Bxf6 11. c3 O-O 12. Nc2 Bg5 13. a4 bxa4 14. Ncb4 Nxb4 15. cxb4 Bd7 16. Be2 Rb8 17. Bxa6 Bc6 18. Rxa4 Bxa4 19. Qxa4 Qe8 20. b5 Bd8 21.
O-O Bb6 22. Qc4 Bd4 23. b4 Kh8 24. Qc6 Qe6 25. b6 f5 26. b7 fxe4 27. Nc7 Qf7 28. Nb5 Bxf2+ 29. Kh1 e3 30. Nxd6 Qe6 31. Bc4 Qe7 32. Rd1 Qf6 33. g3 Qe7 34. Kg2 Rbd8 35. Nf7+ Rxf7 36. Rxd8+ Qxd8 37. Bxf7 e2 38. Qc8 1-0

[Event "Late-Titled-Tuesday-Blitz-June-25-2024"]
[Site "Chess.com"]
[Date "2024.06.25"]
[Round "1"]
[White "jinxy2009"]
[Black "Moon_stone123"]
[Result "0-1"]
[WhiteElo "2251"]
[BlackElo "2600"]
[TimeControl "180+1"]
[EndTime "14:06:11 PDT"]
[Termination "Moon_stone123 won by resignation"]

1. c4 c6 2. Nf3 d6 3. d4 Nf6 4. g3 Bg4 5. Bg2 d5 6. O-O Bxf3 7. Bxf3 e6 8. Nc3 dxc4 9. a4 a5 10. e4 Nbd7 11. Qe2 Nb6 12. Be3 Bb4 13. Rad1 O-O 14.
Bg2 Bxc3 15. bxc3 Nxa4 16. Qc2 b5 17. f4 Nb6 18. f5 Ng4 19. Bc1 exf5 20. Rxf5 Qe7 21.
Rdf1 a4 22. e5 Nd5 23. Bxd5 cxd5 24. h3 Nh6 25. Bxh6 gxh6 26. Rf6 Kh8 27. Rxh6 f5 28. exf6 Qe3+ 29. Kh2 Qxh6 0-1

[Event "Late-Titled-Tuesday-Blitz-June-25-2024"]
[Site "Chess.com"]
[Date "2024.06.25"]
[Round "1"]
[White "DenLaz"]
[Black "Slovak_fighter2000"]
[Result "1-0"]
[WhiteElo "3118"]
[BlackElo "2524"]
[TimeControl "180+1"]
[EndTime "14:06:12 PDT"]
[Termination "DenLaz won on time"]

1. d4 Nf6 2. c4 e6 3. Nf3 d5 4. g3 Bb4+ 5. Bd2 Be7 6. Bg2 O-O 7. Qc2 c6 8. Bf4 Nbd7 9. O-O b6 10. cxd5 cxd5 11. Rc1 Bb7 12. Bc7 Qe8 13. Qb3 Ne4 14. Na3 Bxa3 15. Qxa3 f6 16. Rc2 Qf7 17. Rac1 Rfc8 18.
Bf4 g5 19. Be3 Nf8 20. Ne1 Qd7 21. Nd3 a5 22. Qb3 Qd8 23. Bh3 Rxc2 24. Rxc2 Rc8 25.
Rxc8 Bxc8 26. Qc2 Bd7 27. f3 Nd6 28. b3 Qc8 29. Qd2 Kf7 30. Bf1 h6 31. a4 Kg7 32.
Qd1 Ng6 33. Bc1 Ne7 34. Qd2 Ng6 35. Ba3 Qc7 36. e3 Nf5 37. Kf2 h5 38. Qc1 Qxc1 39. Nxc1 h4 40. g4 Nh6 41. Bd6 f5 42. h3 fxg4 43. hxg4 Nf7 44. Bc7 e5 45. Bxb6 exd4 46.
exd4 Nf4 47. Bxa5 h3 48. Kg3 Nd6 49. Bd2 1-0

[Event "Late-Titled-Tuesday-Blitz-June-25-2024"]
[Site "Chess.com"]
[Date "2024.06.25"]
[Round "1"]
[White "MITerryble"]
[Black "maximnovik"]
[Result "1-0"]
[WhiteElo "2972"]
[BlackElo "2505"]
[TimeControl "180+1"]
[EndTime "14:06:12 PDT"]
[Termination "MITerryble won on time"]

1. e4 e5 2. Nf3 Nc6 3. c3 d5 4.
Qa4 Qd6 5. Bb5 Bd7 6. exd5 Qxd5 7. O-O Nf6 8. Re1 Be7 9. d4 e4 10. Ng5 O-O 11. Bc4 Qf5 12. Qc2 Qg6 13. Nxe4 Nxe4 14.
Qxe4 Bf5 15. Qf3 Bd6 16. Bf4 Rae8 17. Nd2 Bxf4 18. Qxf4 Bd3 19. Bd5 Ne7 20. Bxb7 Nf5 21. Qxc7 Rb8 22. Nf3 f6 23. Rad1 Bc2 24. Rd2 Ba4 25.
Bd5+ Kh8 26. Qxa7 Bb5 27. c4 Ra8 28. Bxa8 1-0

[Event "Late-Titled-Tuesday-Blitz-June-25-2024"]
[Site "Chess.com"]
[Date "2024.06.25"]
[Round "1"]
[White "xasid81"]
[Black "katharinareinecke"]
[Result "1-0"]
[WhiteElo "2547"]
[BlackElo "2041"]
[TimeControl "180+1"]
[EndTime "14:06:12 PDT"]
[Termination "xasid81 won on time"]

1. e4 c6 2. d4 d5 3. exd5 cxd5 4. c3 Bf5 5. Qb3 Qd7 6. Bb5 Nc6 7. Nf3 f6 8. O-O a6 9. Be2 e6 10. Nh4 Bg6 11. Re1 Bd6 12. g3 Nge7 13. Bg4 Bf7 14.
Qd1 O-O-O 15. Qe2 f5 16. Bh3 g5 17. Bxg5 h6 18. Bf6 Rhg8 19. Nd2 Rde8 20. Ndf3 Ng6 21.
Nxg6 Rxg6 22. Be5 f4 23. Bxd6 Qxd6 24. Ne5 Nxe5 25. Qxe5 Qxe5 26. Rxe5 fxg3 27. fxg3 Rg5 28. Rae1 Kd7 29. Rxg5 hxg5 30. Re5 Rg8 31. Rxd5+ Kc6 32. Re5 g4 33. Bg2+ Kd6 34. b4 b6 35. Bf1 Rc8 36.
c4 Be8 37. c5+ bxc5 38. bxc5+ Ke7 39. Bxa6 Ra8 40. Bc4 Ra4 41. Rxe6+ Kd7 42. Rxe8 Kxe8 43. Bb5+ 1-0

[Event "Late-Titled-Tuesday-Blitz-June-25-2024"]
[Site "Chess.com"]
[Date "2024.06.25"]
[Round "1"]
[White "konradrutkowski"]
[Black "mishanick"]
[Result "0-1"]
[WhiteElo "2532"]
[BlackElo "3163"]
[TimeControl "180+1"]
[EndTime "14:06:13 PDT"]
[Termination "mishanick won by resignation"]

1. e4 c5 2. Nf3 e6 3. c3 Nf6 4. e5 Nd5 5. Bc4 d6 6. exd6 Bxd6 7. d4 O-O 8. O-O Nc6 9. Bg5 Be7 10. Bxe7 Qxe7 11.
Re1 Rd8 12. Bxd5 Rxd5 13. c4 Rd8 14. d5 Qf6 15. Nc3 exd5 16. Nxd5 Qd6 17. Qc2 Bg4 18. Ng5 Qg6 19. Qxg6 hxg6 20. f3 Bf5 21. Rad1 f6 22.
Ne6 Bxe6 23. Rxe6 Kf7 24. Ree1 Rd7 25. Nc3 Rxd1 26. Rxd1 Nd4 27. Kf2 Re8 28. Ne4 Re5 29. Rd2 b6 30. Nc3 g5 31. Ne2 Nc6 32. Rd7+ Re7 33. Rxe7+ Kxe7 34. Ke3 Ke6 35. a3 Ke5 36. g3 Na5 37. Kd3 a6 38. b4 cxb4 39. axb4 Nc6 40.
Kc3 a5 41. bxa5 bxa5 42. h3 g6 43. h4 gxh4 44. gxh4 f5 45. Kb3 Nd4+ 46. Nxd4 Kxd4 47. f4 Kc5 48. Kc3 a4 49. Kd3 a3 50. Kc3 a2 51.
Kb2 Kxc4 52. Kxa2 Kd4 53. Kb3 Ke4 54. Kc4 Kxf4 55. Kd4 Kg4 0-1

[Event "Late-Titled-Tuesday-Blitz-June-25-2024"]
[Site "Chess.com"]
[Date "2024.06.25"]
[Round "1"]
[White "Keithonsky"]
[Black "ilya2700"]
[Result "1-0"]
[WhiteElo "2602"]
[BlackElo "2252"]
[TimeControl "180+1"]
[EndTime "14:06:14 PDT"]
[Termination "Keithonsky won by checkmate"]

1. d4 d5 2. c4 e6 3. Nf3 Nf6 4. g3 c5 5. Bg2 Nc6 6. O-O Be7 7. cxd5 exd5 8. Nc3 O-O 9. Bf4 a6 10. dxc5 Bxc5 11.
Rc1 Ba7 12. Bg5 Be6 13. b3 h6 14. Bxf6 Qxf6 15. Nxd5 Bxd5 16. Qxd5 Rad8 17. Qh5 Qb2 18. Nh4 Nd4 19. Rc7 Nxe2+ 20. Kh1 Nd4 21. Bd5 Ne6 22. Bxe6 fxe6 23. Qg4 Rxf2 24. Rxf2 Bxf2 25. Qxe6+ Kh8 26. Ng6+ Kh7 27. Qf5 Rd1+ 28. Kg2 Bb6+ 29. Kh3 Bxc7 30. Ne7+ Kh8 31. Qf8+ Kh7 32. Qg8# 1-0

[Event "Late-Titled-Tuesday-Blitz-June-25-2024"]
[Site "Chess.com"]
[Date "2024.06.25"]
[Round "1"]
[White "Chess_Star1234"]
[Black "DenisQ"]
[Result "0-1"]
[WhiteElo "2396"]
[BlackElo "2688"]
[TimeControl "180+1"]
[EndTime "14:06:17 PDT"]
[Termination "DenisQ won by resignation"]

1. d4 d5 2. c4 c6 3. Nf3 Nf6 4.
Nc3 e6 5. Bg5 h6 6. Bxf6 Qxf6 7.
e3 Nd7 8. Qc2 g6 9. Bd3 dxc4 10.
Bxc4 Bg7 11. O-O O-O 12. Rfd1 Qe7 13. Rac1 b6 14. Qe2 a5 15. a4 Bb7 16. h3 Rfd8 17. Qc2 Rac8 18. Be2 e5 19. dxe5 Nxe5 20. Nxe5 Bxe5 21.
Qb3 Qb4 22. Bc4 Qxb3 23. Bxb3 Kf8 24. Kf1 Ke7 25. Ke2 Ba6+ 26. Kf3 f5 27. Rxd8 Rxd8 28. Rd1 Rxd1 29. Bxd1 Kd6 30. g4 Kc5 31. gxf5 gxf5 32.
Bc2 Bxc3 33. bxc3 Kc4 34. Bxf5 Kxc3 35. Bd7 b5 36. Bxc6 b4 37. Kg4 b3 38. Bd5 Bc4 39. Be4 Bd3 40. Bd5 b2 41. Ba2 Kb4 0-1

[Event "Late-Titled-Tuesday-Blitz-June-25-2024"]
[Site "Chess.com"]
[Date "2024.06.25"]
[Round "1"]
[White "ivanquiroga"]
[Black "AryanTari"]
[Result "0-1"]
[WhiteElo "2513"]
[BlackElo "3015"]
[TimeControl "180+1"]
[EndTime "14:06:18 PDT"]
[Termination "AryanTari won by resignation"]

1. d4 d5 2. c4 e6 3. Nc3 c5 4. cxd5 cxd4 5. Qxd4 Nc6 6. Qd1 exd5 7. e3 Nf6 8. Nf3 Bb4 9. Bd2 O-O 10. Be2 Ne4 11. Nxe4 dxe4 12. Nd4 Bxd2+ 13. Qxd2 Qg5 14. Nxc6 bxc6 15. O-O-O Be6 16. h4 Qf6 17. Qc3 Qxf2 18. Rd2 Rad8 19. Rc2 Qxg2 20. Qe1 Qg6 21. Rg1 Qf6 22. h5 h6 23. Qg3 Rd5 24. Bc4 Rg5 25. Qh2 Rxg1+ 26. Qxg1 Rd8 27. Bxe6 Qxe6 28. Rg2 Qe5 29.
Rc2 Qxh5 30. Rxc6 Qd5 31. Rxh6 Qxa2 32. Rh1 Rc8+ 0-1